AoeStats
← tyco170

Oasis

510202290Analyzed
4v4 RM · 2d ago on Sep 29, 2026· 50m 54s· 8 players
Game mode
Random Map
Map size
Large (8 player)
Population
200
Speed
Normal
Resources
Standard
Victory
Conquest
Starting age
Dark Age
Ending age
Imperial Age
RankedLock teamsTeams togetherTeam positionsShared explorationLock speedFull tech treeHidden civsTurbo modeCheats
Victory
Defeat
🇨🇱 Britons · Chile
1121
+13
🇵🇪 Magyars · Peru
1093
+14
🇨🇦 Ethiopians · Canada
1030
+16
🇺🇸 Aztecs · United States
1016
+17
🇺🇸 Italians · United States
1048
-15
🇨🇦 Bohemians · Canada
1043
-15
🇺🇸 Romans · United States
1039
-15
🇦🇷 Franks · Argentina
1037
-15
JAF23
5:05 Loom
10:27 Feudal Age
11:58 Horse Collar
12:08 Double-Bit Axe
18:23 Castle Age
16:22 Fletching
16:32 Padded Archer Armor
18:25 Gold Mining
19:59 Bodkin Arrow
19:45 Elite Skirmisher
22:36 Leather Archer Armor
23:13 Thumb Ring
26:23 Stone Mining
27:45 Bow Saw
30:35 Ballistics
33:06 Imperial Age
33:34 Caravan
34:19 Wheelbarrow
35:17 Hand Cart
38:21 Bracer
38:52 Ring Archer Armor
40:32 Elite Genoese Crossbowman
43:19 Heavy Plow
tyco170
0:31 Loom
11:43 Feudal Age
12:44 Double-Bit Axe
12:40 Horse Collar
20:16 Wheelbarrow
23:38 Castle Age
22:19 Padded Archer Armor
22:12 Fletching
24:43 Bow Saw
24:37 Heavy Plow
25:02 Caravan
25:31 Town Watch
26:47 Hand Cart
26:33 Town Patrol
34:34 Imperial Age
32:43 Elite Skirmisher
36:23 Capped Ram
37:26 Leather Archer Armor
37:07 Bodkin Arrow
37:23 Forging
37:13 Scale Mail Armor
37:20 Scale Barding Armor
38:17 Two-Man Saw
39:07 Chemistry
38:28 Ballistics
40:01 Bracer
40:37 Iron Casting
43:37 Ring Archer Armor
43:27 Siege Engineers
43:33 Masonry
47:30 Blast Furnace
46:51 Chain Barding Armor
46:47 Chain Mail Armor
47:06 Conscription
47:01 Fortified Wall
Brome
5:09 Loom
11:13 Feudal Age
11:59 Horse Collar
12:07 Double-Bit Axe
22:22 Castle Age
20:26 Fletching
22:50 Wheelbarrow
22:01 Town Watch
22:39 Stone Mining
22:40 Gold Mining
22:46 Gold Mining
24:23 Bow Saw
26:29 Hand Cart
26:17 Pikeman
26:58 Squires
28:59 Scale Mail Armor
29:10 Forging
32:56 Iron Casting
32:36 Chain Mail Armor
34:42 Scale Barding Armor
35:52 Heavy Plow
46:28 Imperial Age
43:58 Town Patrol
44:41 Ballistas
45:13 Bodkin Arrow
46:45 Ballistics
46:20 Murder Holes
46:36 Masonry
47:37 Conscription
47:55 Heavy Scorpion
51:54 Blast Furnace
Bukele
0:26 Loom
11:24 Feudal Age
12:32 Double-Bit Axe
15:02 Castle Age
17:00 Loom
19:47 Wheelbarrow
27:09 Bow Saw
27:32 Gold Mining
32:09 Imperial Age
31:28 Scale Barding Armor
31:34 Forging
32:29 Cavalier
32:35 Capped Ram
34:53 Iron Casting
35:56 Hand Cart
38:02 Blast Furnace
37:23 Chain Barding Armor
40:17 Chemistry
40:14 Paladin
43:16 Plate Barding Armor
43:23 Conscription
44:06 Gold Shaft Mining
44:22 Stone Mining
44:34 Fletching
44:45 Padded Archer Armor
46:12 Caravan
48:17 Husbandry
49:13 Light Cavalry
49:52 Town Watch
49:58 Elite Skirmisher
51:09 Chivalry
BallonPrince5
6:16 Loom
9:27 Feudal Age
10:07 Double-Bit Axe
12:31 Fletching
14:49 Padded Archer Armor
18:48 Wheelbarrow
18:36 Horse Collar
23:25 Castle Age
21:58 Gold Mining
22:42 Stone Mining
23:27 Crossbowman
24:04 Bodkin Arrow
24:50 Bow Saw
26:35 Heavy Plow
29:07 Ballistics
31:40 Thumb Ring
33:26 Gold Shaft Mining
35:00 Leather Archer Armor
34:57 Scale Mail Armor
35:59 Squires
37:23 Masonry
37:18 Murder Holes
40:27 Imperial Age
38:31 Chain Mail Armor
38:27 Forging
41:20 Iron Casting
41:14 Bracer
41:33 Hand Cart
42:24 Chemistry
41:30 Town Watch
41:06 Arbalester
42:15 Conscription
42:51 Plate Mail Armor
43:51 Ring Archer Armor
43:27 Scale Barding Armor
45:02 Architecture
45:12 Caravan
45:46 Siege Engineers
47:42 Two-Man Saw
47:43 Town Patrol
49:02 Torsion Engines
DanTheMan
12:32 Feudal Age
13:34 Double-Bit Axe
19:41 Castle Age
17:52 Gold Mining
18:15 Horse Collar
18:34 Stone Mining
19:05 Man-at-Arms
19:59 Forging
19:51 Scale Mail Armor
20:05 Loom
21:26 Stone Shaft Mining
21:31 Bow Saw
21:17 Gambesons
21:54 Squires
22:52 Wheelbarrow
23:59 Gold Shaft Mining
23:16 Long Swordsman
24:20 Pikeman
27:54 Iron Casting
27:50 Fervor
28:01 Sanctity
28:08 Hand Cart
28:29 Town Watch
30:27 Chain Mail Armor
32:11 Elite Skirmisher
36:54 Herbal Medicine
38:15 Atlatl
38:26 Heavy Plow
42:37 Imperial Age
40:18 Fletching
40:28 Padded Archer Armor
43:12 Redemption
43:24 Heresy
44:25 Blast Furnace
43:56 Plate Mail Armor
43:47 Garland Wars
44:50 Elite Jaguar Warrior
45:51 Conscription
45:06 Capped Ram
46:39 Caravan
47:10 Coinage
46:52 Siege Ram
51:02 Block Printing
51:23 Theocracy
50:54 Two-Handed Swordsman
Estoy como loquita
11:02 Feudal Age
15:54 Castle Age
14:13 Double-Bit Axe
17:27 Bow Saw
23:06 Bloodlines
22:16 Light Cavalry
23:48 Husbandry
25:20 Scale Barding Armor
25:14 Horse Collar
26:12 Gold Mining
27:18 Loom
28:09 Wheelbarrow
27:19 Town Watch
30:47 Hand Cart
30:33 Town Patrol
33:57 Imperial Age
34:14 Chain Barding Armor
35:36 Plate Barding Armor
34:26 Cavalier
34:42 Capped Ram
36:17 Heavy Plow
37:19 Two-Man Saw
36:56 Gold Shaft Mining
36:14 Stone Mining
37:58 Sanctity
38:22 Coinage
38:09 Paladin
38:22 Heavy Cavalry Archer
39:27 Parthian Tactics
40:31 Onager
42:10 Siege Engineers
44:23 Banking
43:53 Caravan
44:52 Scale Mail Armor
44:17 Pikeman
45:01 Man-at-Arms
45:18 Halberdier
47:37 Ballistics
48:18 Chemistry
47:09 Fletching
47:19 Padded Archer Armor
47:10 Fletching
47:20 Padded Archer Armor
47:45 Thumb Ring
47:49 Bodkin Arrow
48:00 Recurve Bow
48:20 Conscription
48:39 Parthian Tactics
49:21 Bracer
49:36 Leather Archer Armor
crewza523
9:45 Feudal Age
15:04 Castle Age
13:07 Double-Bit Axe
14:26 Gold Mining
14:29 Stone Mining
16:32 Wheelbarrow
16:59 Horse Collar
27:23 Imperial Age
25:18 Fletching
25:23 Loom
25:54 Hand Cart
26:02 Forging
26:13 Scale Mail Armor
27:44 Iron Casting
27:52 Bodkin Arrow
28:19 Ballistics
28:31 Chain Mail Armor
28:18 Padded Archer Armor
27:54 Pikeman
29:42 Gold Shaft Mining
29:14 Heavy Plow
30:45 Chemistry
29:40 Murder Holes
30:19 Bracer
32:49 Chemistry
32:26 Plate Mail Armor
33:15 Blast Furnace
33:06 Bow Saw
35:10 Halberdier
36:31 Elite Longbowman
37:37 Leather Archer Armor
38:10 Warwolf
38:54 Ring Archer Armor
38:32 Squires
39:39 Arson
40:33 Yeomen
40:24 Onager
Connection lost

Rejoining the realm…

Still unreachable

The connection could not be restored.

Session expired

The server has moved on; the page needs a fresh start.